 Dungeon Crawl Stone Soup version 0.30-a0-738-g116ff8c4af (webtiles) character file.

Game seed: 9577981854886471943

5058 kae the Geomancer (level 10, -2/50 HPs)
             Began as a Gargoyle Earth Elementalist on Feb 3, 2023.
             Was a Believer of Vehumet.
             Killed from afar by an orc wizard (7 damage)
             ... with a magic dart
             ... on level 9 of the Dungeon.
             The game lasted 00:07:57 (6941 turns).

kae the Geomancer (Gargoyle Earth Elementalist)     Turns: 6941, Time: 00:07:58

Health: -2/50      AC: 12    Str: 18    XL:     10   Next: 56%
Magic:  20/20      EV: 11    Int: 22    God:    Vehumet [**....]
Gold:   82         SH:  0    Dex: 13    Spells: 7/22 levels left

rFire   . . .      SeeInvis .    r - +5 dagger of Caix {protect, Int+2 Dex+3}
rCold   . . .      Faith    .    (no shield)
rNeg    + . .      Spirit   .    j - +1 troll leather armour {Pargi} rPois โˆž Reflect .
                                 (no helmet)
rElec   +          Harm     .    (no cloak)
rCorr   .          Rampage  .    (no gloves)
Will    .....                    (no boots)
Stlth   ++                       A - amulet of magic regeneration
HPRegen 1.08/turn                S - +6 ring of strength
MPRegen 0.57/turn                (no ring)

@: no status effects
A: sickness immunity, AC +7, negative energy resistance 1, electricity
resistance, torment resistance 1, petrification resistance
a: Renounce Religion


You were on level 9 of the Dungeon.
You worshipped Vehumet.
Vehumet was pleased with you.
You visited 1 branch of the dungeon, and saw 9 of its levels.
You also visited: Sewer.

You collected 462 gold pieces.
You spent 380 gold pieces at shops.


Innate Abilities, Weirdness & Mutations

You are immune to sickness and miasma.
Your stone body is resilient. (AC +7)
You are immune to poison.
You resist negative energy. (rN+)
You are resistant to electric shocks. (rElec)
You are resistant to unholy torment.
You are immune to petrification.


   Skills:
 - Level 1.5 Dodging
 - Level 2.1 Stealth
 + Level 6.8 Spellcasting
 * Level 9.7 Conjurations
 - Level 0.7 Transmutations
 * Level 12.6 Earth Magic


You had 7 spell levels left.
You knew the following spells:

 Your Spells              Type           Power      Damage    Failure   Level
a - Sandblast             Erth           100%       2d20      1%          1
b - Stone Arrow           Conj/Erth      100%       3d13      1%          3
c - Passwall              Tmut/Erth      30%        N/A       1%          2
d - Lee's Rapid Deconstr  Erth           29%        3d15*     1%          5
e - Petrify               Tmut/Erth      36%        N/A       6%          4

Your spell library contained the following spells:

 Spells                   Type           Power      Damage    Failure   Level
 Inner Flame              Hex/Fire       7%         N/A       30%         3
 Momentum Strike          Conj/Tloc      56%        3d9       1%          2
 Static Discharge         Conj/Air       56%        2-5/arc   1%          2
 Sting                    Tmut/Pois      36%        1d4       9%          1
 Fulminant Prism          Conj/Hex       14%        3d8       14%         4
 Iskenderun's Mystic Bla  Conj/Tloc      28%        2d7       14%         4
 Blink                    Tloc           14%        N/A       16%         2
 Lesser Beckoning         Tloc           14%        N/A       16%         2
 Poisonous Vapours        Pois/Air       14%        N/A       16%         2
 Borgnjor's Vile Clutch   Necr/Erth      17%        N/A       21%         5
 Kindle Blastsparks       Fire/Tloc/Air  14%        2d11      30%         3
 Vhi's Electric Charge    Tloc/Air       14%        N/A       30%         3
 Arcjolt                  Conj/Air       14%        1d24      36%         5
 Lightning Bolt           Conj/Air       14%        1d27      36%         5
 Olgreb's Toxic Radiance  Pois           7%         N/A       69%         4
 Alistair's Intoxication  Tmut/Pois      6%         N/A       94%         5
 Eringya's Noxious Bog    Tmut/Pois      4%         N/A       100%        6

Inventory:

Hand Weapons
 i - a +3 vampiric whip
   (You took it off a kobold on level 2 of the Dungeon)
 r - the +5 dagger of Caix (weapon) {protect, Int+2 Dex+3}
   (You found it on level 5 of the Dungeon)

   Int:       It affects your intelligence (+2).
   Dex:       It affects your dexterity (+3).
Missiles
 a - 9 boomerangs
 c - 6 poisoned darts
 f - 67 stones
Armour
 j - a +1 troll leather armour (worn) {Pargi}
   (You found it in a sewer)
Jewellery
 s - a +6 ring of strength
   (You found it on level 8 of the Dungeon)
 A - an amulet of magic regeneration (around neck)
   (You bought it in a shop on level 7 of the Dungeon)
 S - a +6 ring of strength (left hand)
   (You found it on level 1 of the Dungeon)
Wands
 t - a wand of polymorph (12)
   (You found it on level 6 of the Dungeon)
 x - a wand of mindburst (9)
   (You took it off an orc on level 7 of the Dungeon)
 y - a wand of flame (12)
   (You found it on level 8 of the Dungeon)
 C - a wand of acid (11)
   (You found it on level 8 of the Dungeon)
 E - a wand of paralysis (11)
   (You found it on level 8 of the Dungeon)
Scrolls
 d - 3 scrolls of teleportation {@r4}
 m - a scroll of fog
 n - a scroll of identify {@r1}
 p - 2 scrolls of blinking {!r}
 w - a scroll of fear
 z - a scroll of enchant weapon
Potions
 b - a potion of magic
 e - 3 potions of mutation {unknown}
 g - 2 potions of heal wounds {@q2}
 h - 4 potions of curing {@q1}
 k - a potion of attraction {!q}
 l - 2 potions of brilliance
 o - 4 potions of haste {unknown}
 q - 2 potions of lignification {unknown}
 u - 3 potions of might
 v - 2 potions of flight
 D - 2 potions of degeneration {!q}

Dungeon Overview and Level Annotations

Branches:
Dungeon (9/15) Zot: 26924  Temple (0/1) D:7             Orc (0/2) D:9
  Sewer (visited)
   Lair: D:8-11

Altars:
Dithmenos
Hepliaklqana
Okawaru
Qazlal
Ru
Sif Muna
Vehumet
Xom
Yredelemnul

Shops:
D:7 = D:8

* .#..##.........# *,,..,,*,*,,*,*
.##...#........# *....#**,,,,*,*
.#*##..........## *..{.#**,,,,,,,
.#####..........###.....,,,,,,,,,
......ยง)).h...#..#.....,,,,,,,,,,
.#####O#).#..........#,,,,,,,,,,,
##*,,..#,.###........#..,,,,,,,,,
*,,####,..###..........,,,,,>,,,
**,** **,#......@...##.,,,,,,,,,*
*,,****,,####.......#***,,****,,,
,,,,,,,,** #.......# *,,** **,*
,,,,,,,** ##.....<# **,,,** *,*
,,,,,,,* #......# *,,,,,***,,
,,,,,,,* #......# *,,,,,,,,,*
,,,,,,,* #.##.### ***,,,,,,,,
,,,,,,,* #.**.# *,,,,,,** ,,,,,,,*
*,,,,* *,,,,,,**


You could see a howler monkey.


Message History

Press: ? - help, Shift-Dir - straight line, f/p - orc wizard
Aim: an orc wizard, wielding a +0 dagger and wearing a +0 robe (82% to hit)
The blast of sand hits the orc wizard!
You kill the orc wizard!
Vehumet accepts your kill.
An orc comes into view. It is wielding a +0 spear.
Casting: Sandblast (safe; 1% risk of failure)
Confirm with . or Enter, or press ? or * to list all spells.
Aiming: Sandblast (safe; 1% risk of failure)
Press: ? - help, Shift-Dir - straight line, f - orc
Aim: an orc, wielding a +0 spear and wearing a +0 leather armour (wandering, hasn't noticed you, 85% to hit)
The blast of sand hits the orc!
You kill the orc!
Vehumet accepts your kill.
Casting: Sandblast (safe; 1% risk of failure)
Confirm with . or Enter, or press ? or * to list all spells.
Aiming: Sandblast (safe; 1% risk of failure)
Press: ? - help, Shift-Dir - straight line, f - howler monkey
Aim: a howler monkey (84% to hit)
The blast of sand hits the howler monkey!
The howler monkey hoots and howls with incredible vigour!
A water moccasin comes into view.
You hear a shout!
You hear a howl!
You hear two shouts!
You hear a shout! x5
Casting: Sandblast (safe; 1% risk of failure)
Confirm with . or Enter, or press ? or * to list all spells.
Aiming: Sandblast (safe; 1% risk of failure)
Press: ? - help, Shift-Dir - straight line, f/p - howler monkey
Aim: a howler monkey (severely wounded, catching its breath, 84% to hit)
The blast of sand misses the howler monkey.
The howler monkey completely misses you.
An orc comes into view. It is wielding a +0 heavy flail.
The howler monkey hoots and howls with incredible vigour! ๐Ÿ˜Ž MP[-1]
You lost 1 mp, and now have 19/20 mp.
Casting: Sandblast (safe; 1% risk of failure)
Confirm with . or Enter, or press ? or * to list all spells.
Aiming: Sandblast (safe; 1% risk of failure)
Press: ? - help, Shift-Dir - straight line, f/p - howler monkey
Aim: a howler monkey (severely wounded, catching its breath, 84% to hit)
The blast of sand hits the howler monkey!
You kill the howler monkey!
Vehumet accepts your kill.
You feel your power returning.
A howler monkey comes into view. ๐Ÿ˜Ž MP[+1]
Your mp is fully restored (20).
Casting: Sandblast (safe; 1% risk of failure)
Confirm with . or Enter, or press ? or * to list all spells.
Aiming: Sandblast (safe; 1% risk of failure)
Press: ? - help, Shift-Dir - straight line, f - orc
Aim: an orc, wielding a +0 heavy flail (85% to hit)
The blast of sand hits the orc!!
You kill the orc!
Vehumet accepts your kill.
A two-headed ogre comes into view. It is wielding two +0 giant clubs.
The howler monkey hoots and howls with incredible vigour!
You hear a shout!
Casting: Sandblast (safe; 1% risk of failure)
Confirm with . or Enter, or press ? or * to list all spells.
Aiming: Sandblast (safe; 1% risk of failure)
Press: ? - help, Shift-Dir - straight line, f - water moccasin
Aim: a water moccasin (76% to hit)
The blast of sand hits the water moccasin!!
The water moccasin bites you. The two-headed ogre closely misses you.
The two-headed ogre barely misses you. ๐Ÿ˜• HP[-6]
You take 6 damage, and now have 44/50 hp.
Casting: Sandblast (safe; 1% risk of failure)
Confirm with . or Enter, or press ? or * to list all spells.
Aiming: Sandblast (safe; 1% risk of failure)
Press: ? - help, Shift-Dir - straight line, f/p - water moccasin
Aim: a water moccasin (almost dead, 76% to hit)
The blast of sand hits the water moccasin!!
You kill the water moccasin!
Vehumet accepts your kill.
The howler monkey hits you but does no damage.
The two-headed ogre hits you with a +0 giant club!!
Ouch! That really hurt!
* * * LOW HITPOINT WARNING * * *
The two-headed ogre hits you with a +0 giant club!
* * * LOW HITPOINT WARNING * * *
๐Ÿ˜ฑ HP[-43]
You take 43 damage, and now have 1/50 hp.
MASSIVE DAMAGE!! (PAUSE)
Okay, then.
Really read
p - 3 scrolls of blinking {!r}?
Blink to where?
Press: ? - help, Dir - move target
Found a stone staircase leading up.
As you read the scroll of blinking {!r}, it crumbles to dust. ๐Ÿ˜ฑ HP[+1]
An orc wizard comes into view. It is wielding a +0 dagger. ๐Ÿ˜ฑ HP[+1]
The orc wizard casts a spell.
The orc wizard flickers and vanishes!
Deactivating autopickup; reactivate with Ctrl-A. ๐Ÿ˜ฑ HP[+1]
A magic dart appears from out of thin air!
The magic dart hits you!
You die...

Skill      XL: |  1  2  3  4  5  6  7  8  9 10 |
---------------+-------------------------------+-----
Earth Magic    | 4 5 6 7 8 9 11 12 | 12.6
Spellcasting   | 3 4 5 6 |  6.8
Conjurations   | 2 4 6 8 9 |  9.7
Dodging        | |  1.5
Stealth        | |  2.1
Transmutations | |  0.7

Action                     |  1- 3 |  4- 6 |  7- 9 | 10-12 || total
---------------------------+-------+-------+-------+-------++-------
  Melee: Unarmed           |     1 |       |       |       ||     1
         Whip              |    11 |    31 |       |       ||    42
         Punch             |       |     1 |       |       ||     1
         Dagger            |       |       |    16 |       ||    16
   Cast: Sandblast         |    34 |    49 |   136 |    26 ||   245
         Stone Arrow       |       |       |    29 |    14 ||    43
    Use: Scroll            |     3 |     2 |     8 |     6 ||    19
         Potion            |       |     2 |       |       ||     2
 Armour: Robe              |     4 |    17 |       |       ||    21
         Troll leather arm |       |    10 |    63 |    18 ||    91
  Dodge: Dodged            |    12 |    39 |    85 |    15 ||   151

Levels and vault maps discovered:
D:1:      shiori_angband_town, layout_basic, serial_bayou_crossing
D:2:      layout_loops_cross, minmay_misc_feat_more_columns
D:3:      layout_basic, mainiacjoe_overflow_brackets, serial_undead,
          serial_undead_d, serial_undead_e, serial_undead_f, serial_undead_f,
          cheibrodos_sewer_entry_bend
D:4:      layout_basic, nicolae_overflow_hidden_temple, serial_bayou_lagoon_a,
          st_stairs_6
D:5:      layout_loops_cross, lemuel_zombie_altar_yredelemnul,
          mainiacjoe_overflow_alcove_2, kennysheep_little_box, serial_demonic,
          serial_demonic_e, serial_demonic_g, serial_demonic_c,
          serial_demonic_g, corexii_item_surrounded_by_moat,
          chequers_serial_rivers_micro_c
D:6:      layout_loops_ring
D:7:      layout_basic, mainiacjoe_overflow_alcove_1,
          minmay_temple_entry_junction, serial_shops, nicolae_shop_statue_plus,
          serial_aquarium, aquarium_bridge_long_separate
          [aquarium_subvault_window, aquarium_subvault_bridge,
          aquarium_subvault_balcony, aquarium_subvault_bridge,
          aquarium_subvault_balcony, aquarium_subvault_bridge],
          aquarium_bridge_square [aquarium_subvault_bridge,
          aquarium_subvault_window, aquarium_subvault_wall,
          aquarium_subvault_bridge], aquarium_window_1,
          aquarium_window_corridor_2, aquarium_window_1, aquarium_window_fake,
          aquarium_view_2d, aquarium_view_2g, aquarium_balcony_3b,
          aquarium_pool_1
D:8:      layout_layer_cave, nicolae_dithmenos_shadow_blocks,
          mainiacjoe_overflow_boulevard, overflow_temple_1_default,
          minmay_fountain_box, nicolae_shop_clearance, uniq_pikel, uniq_grum,
          uniq_amaemon
D:9:      layout_rooms, nicolae_uskayaw_suspiria, orc_0_dummy, enter_bailey_2

Notes
Turn   | Place    | Note
-------+----------+-------------------------------------------
     0 | D:1      | kae the Gargoyle Earth Elementalist began the quest for the
                  | Orb.
     0 | D:1      | Reached XP level 1. HP: 10/10 MP: 3/3
     0 | D:1      | magus.rc [v1.11.3]
   136 | D:1      | Reached skill level 4 in Earth Magic
   137 | D:1      | Reached XP level 2. HP: 15/15 MP: 1/5
   723 | D:2      | You add the spells Alistair's Intoxication, Borgnjor's Vile
                  | Clutch and Eringya's Noxious Bog to your library.
   814 | D:2      | Reached XP level 3. HP: 19/19 MP: 4/6
  1076 | D:2      | You fall into a shaft and drop 2 floors!
  1096 | D:4      | You pick up a book of Blasting and begin reading...
  1096 | D:4      | You add the spells Kindle Blastsparks, Fulminant Prism,
                  | Iskenderun's Mystic Blast and Lee's Rapid Deconstruction to
                  | your library.
  1138 | D:3      | Reached skill level 5 in Earth Magic
  1138 | D:3      | Reached XP level 4. HP: 12/24 MP: 5/8
  1221 | D:3      | You pick up a book of Spatial Translocations and begin
                  | reading...
  1221 | D:3      | You add the spells Blink, Momentum Strike and Lesser
                  | Beckoning to your library.
  1242 | D:3      | Reached skill level 3 in Spellcasting
  1245 | D:3      | HP: 4/24 [scorpion zombie (3)]
  1252 | D:3      | HP: 3/24 [scorpion zombie (2)]
  1255 | D:3      | Reached XP level 5. HP: 5/28 MP: 0/9
  1282 | D:3      | Found a glowing drain.
  1295 | Sewer    | Entered a sewer
  1331 | Sewer    | Reached skill level 6 in Earth Magic
  1380 | Sewer    | Noticed Pargi
  1388 | Sewer    | Killed Pargi
  1389 | Sewer    | Reached XP level 6. HP: 22/32 MP: 4/11
  1741 | D:3      | Found a radiant altar of Vehumet.
  1780 | D:3      | Became a worshipper of Vehumet
  1951 | D:3      | Reached skill level 7 in Earth Magic
  1995 | D:4      | Learned a level 3 spell: Stone Arrow
  1998 | D:4      | Learned a level 2 spell: Passwall
  2108 | D:4      | Found a stormy altar of Qazlal.
  2130 | D:4      | Noticed a black bear
  2137 | D:4      | Killed a black bear
  2138 | D:4      | Reached skill level 1 in Conjurations
  2764 | D:5      | Entered Level 5 of the Dungeon
  2770 | D:5      | Reached skill level 4 in Spellcasting
  2770 | D:5      | Reached skill level 2 in Conjurations
  2770 | D:5      | Reached XP level 7. HP: 25/36 MP: 7/13
  2770 | D:5      | Identified the +5 dagger of Caix {protect, Int+2 Dex+3}
  2934 | D:5      | Reached skill level 3 in Conjurations
  2964 | D:5      | Reached skill level 8 in Earth Magic
  3083 | D:5      | Found an iron altar of Okawaru.
  3166 | D:5      | Reached skill level 4 in Conjurations
  3212 | D:5      | Reached XP level 8. HP: 41/41 MP: 8/14
  3350 | D:5      | Reached * piety under Vehumet
  3350 | D:5      | Offered knowledge of Kiss of Death by Vehumet.
  3359 | D:5      | Found a sacrificial altar of Ru.
  3700 | D:5      | Found a basalt altar of Yredelemnul.
  3745 | D:5      | Learned a level 5 spell: Lee's Rapid Deconstruction
  3750 | D:5      | Learned a level 4 spell: Petrify
  3796 | D:6      | Reached skill level 9 in Earth Magic
  3828 | D:6      | Reached skill level 5 in Conjurations
  4279 | D:6      | Reached skill level 5 in Spellcasting
  4542 | D:7      | Found a shimmering altar of Xom.
  4568 | D:7      | Reached skill level 6 in Conjurations
  4623 | D:7      | Reached XP level 9. HP: 45/45 MP: 13/16
  4650 | D:7      | Found a staircase to the Ecumenical Temple.
  4658 | D:7      | Reached skill level 10 in Earth Magic
  4761 | D:7      | You pick up a book of Lightning and begin reading...
  4761 | D:7      | You add the spells Static Discharge, Vhi's Electric Charge,
                  | Lightning Bolt and Arcjolt to your library.
  4797 | D:7      | Reached ** piety under Vehumet
  4801 | D:7      | Reached skill level 7 in Conjurations
  4802 | D:7      | Offered knowledge of Poisonous Vapours by Vehumet.
  4903 | D:7      | Reached skill level 11 in Earth Magic
  5218 | D:7      | Reached skill level 6 in Spellcasting
  5292 | D:7      | Found Jorasien's Jewellery Boutique.
  5307 | D:7      | Bought an amulet of magic regeneration for 360 gold pieces
  5425 | D:7      | Reached skill level 8 in Conjurations
  5620 | D:8      | Offered knowledge of Inner Flame by Vehumet.
  5728 | D:8      | Noticed Grum
  5732 | D:8      | Killed Grum
  5737 | D:8      | Reached XP level 10. HP: 36/50 MP: 9/19
  5802 | D:8      | Found a shadowy altar of Dithmenos.
  5818 | D:8      | Noticed Pikel
  5834 | D:8      | Killed Pikel
  5876 | D:8      | Noticed an orange demon
  5877 | D:8      | Noticed Amaemon
  5882 | D:8      | Killed an orange demon
  5883 | D:8      | Reached skill level 9 in Conjurations
  5883 | D:8      | Reached skill level 12 in Earth Magic
  5888 | D:8      | Killed Amaemon
  6060 | D:8      | You add the spells Sting, Poisonous Vapours and Olgreb's
                  | Toxic Radiance to your library.
  6414 | D:8      | Found a shimmering blue altar of Sif Muna.
  6429 | D:8      | Found Xiebb's CLEARANCE SALE!.
  6437 | D:8      | Bought 2 scrolls of identify for 20 gold pieces
  6833 | D:8      | Found a hazy altar of Hepliaklqana.
  6935 | D:9      | Noticed a two-headed ogre
  6937 | D:9      | HP: 1/50 [two-headed ogre/+0 giant club (15)]
  6941 | D:9      | Killed from afar by an orc wizard

Vanquished Creatures
  Amaemon (D:8)
  Pikel (D:8)
  An orange demon (D:8)
  A hornet (D:8)
  Grum (D:8)
  4 vampire mosquitoes (D:7)
  3 water moccasins
  Pargi (Sewer)
  An ice beast (D:8)
  2 sky beasts (D:7)
  An orc warrior (D:6)
  2 black bears
  2 wolves (D:8)
  2 centaurs
  2 lemures (D:8)
  A necrophage (D:7)
  A gnoll sergeant (D:7)
  2 bullfrogs
  6 scorpions
  3 howler monkeys
  A jelly (D:5)
  A quasit (D:5)
  A bullfrog zombie (D:5)
  3 orc priests
  4 hounds
  3 gnoll boudas
  5 iguanas
  2 scorpion zombies (D:3)
  3 orc wizards
  2 hound zombies
  15 gnolls
  3 adders
  3 shadow imps
  2 white imps
  2 ufetubi (D:5)
  An adder zombie (D:3)
  2 worms (D:3)
  A dart slug (D:4)
  23 orcs
  3 bats
  5 endoplasms
  A giant cockroach (D:3)
  8 goblins
  5 hobgoblins
  A jackal (Sewer)
  5 kobolds
  2 quokkas (D:4)
  8 ball pythons
  5 frilled lizards
  A giant cockroach zombie (D:3)
  A jackal skeleton (D:3)
  2 quokka skeletons (D:3)
  5 rats
167 creatures vanquished.

Vanquished Creatures (others)
  3 demonic plants (D:5)
  A withered plant (D:3)
4 creatures vanquished.

Grand Total: 171 creatures vanquished

Table legend:
 A = Non-vault XP
 B = Vault XP
 C = Vault XP percentage of total XP
 D = Non-vault monster count
 E = Vault monster count
 F = Vault count percentage of total count
                 A         B        C        D         E       F
            +---------+---------+-------+---------+---------+-------
      Total |    4615 |    2611 |  36.1 |     139 |      26 |  15.8
            +---------+---------+-------+---------+---------+-------
        D:1 |      29 |       0 |   0.0 |      17 |       0 |   0.0
        D:2 |      26 |       0 |   0.0 |       9 |       0 |   0.0
        D:3 |      68 |     107 |  61.1 |      23 |       9 |  28.1
        D:4 |     131 |       2 |   1.5 |       5 |       1 |  16.7
        D:5 |     845 |     159 |  15.8 |      23 |       8 |  25.8
        D:6 |     639 |       0 |   0.0 |      13 |       0 |   0.0
        D:7 |    1931 |       0 |   0.0 |      35 |       0 |   0.0
        D:8 |     613 |    2199 |  78.2 |       7 |       6 |  46.2
        D:9 |     333 |       0 |   0.0 |       7 |       0 |   0.0
      Sewer |       0 |     144 | 100.0 |       0 |       2 | 100.0
            +---------+---------+-------+---------+---------+-------

Illustrated notes

Table legend:
 A = Kills in this place as a percentage of kills in entire the game.
 B = Kills by you in this place as a percentage of kills by you in the entire game.
 C = Kills by friends in this place as a percentage of kills by friends in the entire game.
 D = Other kills in this place as a percentage of other kills in the entire game.
 E = Experience gained in this place as a percentage of experience gained in the entire game.
 F = Experience gained in this place divided by the number of levels of this place that you have seen.
                   A       B       C       D       E      F
               +-------+-------+-------+-------+-------+----------------------
         Total | 100.0 | 100.0 |   N/A |   N/A | 100.0 | 722.6
       Dungeon |  98.8 |  98.8 |   N/A |   N/A |  98.0 | 786.9
         Sewer |   1.2 |   1.2 |   N/A |   N/A |   2.0 | 144.0
               +-------+-------+-------+-------+-------+----------------------

Table legend: (Time is in decaauts)
 A = Elapsed time spent in this place.
 B = Non-inter-level travel time spent in this place.
 C = Inter-level travel time spent in this place.
 D = Time resting spent in this place.
 E = Time spent auto-exploring this place.
 F = Levels seen in this place.
 G = Mean time per level.
                   A        B        C        D        E       F      G
               +--------+--------+--------+--------+--------+-----+--------+
         Total |   7099 |   6860 |    239 |    102 |   5620 |  10 |  709.9 |
       Dungeon |   6884 |   6645 |    239 |     75 |   5482 |   9 |  764.9 |
         Sewer |    215 |    215 |      0 |     27 |    138 |   1 |  215.0 |
               +--------+--------+--------+--------+--------+-----+--------+

Top non-repeatable levels by time:
     D:8: 1273 daAuts
     D:7: 1089 daAuts
     D:5: 1030 daAuts
     D:4: 815 daAuts
     D:6: 790 daAuts
     D:1: 733 daAuts
     D:3: 711 daAuts
     D:2: 365 daAuts
   Sewer: 215 daAuts
     D:9: 74 daAuts
